 Dungeon Crawl Stone Soup version 0.28.0-53-g5a82cb258f (webtiles) character file.

Game seed: 8063826707121963206

11634 KamiKatze the Cleaver (level 11, -10/100 HPs)
             Began as a Gargoyle Berserker on Aug 22, 2022.
             Was an Elder of Trog.
             Mangled by a two-headed ogre
             ... wielding a +0 giant club
              (20 damage)
             ... on level 11 of the Dungeon on Aug 25, 2022.
             The game lasted 00:42:26 (11675 turns).

KamiKatze the Cleaver (Gargoyle Berserker)         Turns: 11675, Time: 00:42:26

Health: -10/100    AC: 20    Str: 24    XL:     11   Next: 80%
Magic:  11/11      EV: 11    Int:  9    God:    Trog [****..]
Gold:   832        SH:  5    Dex:  9    Spells: 10/10 levels left

rFire   . . .      SeeInvis .   C - +5 war axe (vorpal)
rCold   + . .      Faith    .   x - +0 buckler
rNeg    + . .      Spirit   .   s - +3 ring mail {Will+}
rPois   ∞          Reflect  .   d - +0 helmet
rElec   +          Harm     .   (no cloak)
rCorr   .          Rampage  .   (no gloves)
Will    +....                   o - +0 pair of boots
Stlth   ..........              (no amulet)
HPRegen 0.26/turn               t - ring of protection from cold
MPRegen 0.12/turn               (no ring)

@: berserking, very quick
A: sickness immunity, AC +8, negative energy resistance 1, electricity
resistance, torment resistance 1, petrification resistance
a: Renounce Religion, Berserk, Trog's Hand, Brothers in Arms


You were on level 11 of the Dungeon.
You worshipped Trog.
Trog was greatly pleased with you.
You visited 2 branches of the dungeon, and saw 12 of its levels.

You collected 832 gold pieces.

Inventory:

Hand Weapons
 a - a +0 vorpal hand axe
 p - a +2 vorpal flail
 u - the +6 battleaxe of Interdependent Arising {vorpal, rElec rN+ Stlth+}
   (You found it on level 5 of the Dungeon)

   It inflicts extra damage upon your enemies.
   rElec:     It insulates you from electricity.
   rN:        It protects you from negative energy.
   Stlth:     It makes you more stealthy.
 w - a +5 spear
 z - a +0 war axe
 C - a +5 vorpal war axe (weapon)
 D - a +1 vorpal flail
 G - a +1 flail of protection
 I - a +0 great mace of protection
 J - a +0 dire flail
Missiles
 j - 24 poisoned darts (quivered)
 k - 232 stones
Armour
 d - a +0 helmet (worn)
 e - +0 acid dragon scales
 o - a +0 pair of boots (worn)
 s - a +3 ring mail of willpower (worn)
 x - a +0 buckler (worn)
 K - a +0 kite shield
 L - a +0 plate armour
Jewellery
 h - the ring "Miewnom" {rPois rF++ rC+ Will- rCorr}
   (You found it on level 8 of the Dungeon)

   [ring of resist corrosion]

   rF:        It greatly protects you from fire.
   rC:        It protects you from cold.
   rPois:     It protects you from poison.
   rCorr:     It protects you from acid and corrosion.
   Will:      It decreases your willpower.
 i - a ring of fire
 r - a ring of magical power
 t - a ring of protection from cold (left hand)
 A - an amulet of regeneration
Wands
 l - a wand of flame (22)
 F - a wand of iceblast (7)
Scrolls
 b - a scroll of magic mapping
 c - 5 scrolls of amnesia
 f - a scroll of blinking
 g - a scroll of acquirement
 n - a scroll of vulnerability
 y - 4 scrolls of enchant weapon
 M - 3 scrolls of identify
Potions
 m - 2 potions of might
 q - a potion of berserk rage
 v - 2 potions of curing
 B - 2 potions of magic
 E - a potion of brilliance
 H - 2 potions of lignification


   Skills:
 + Level 7.0 Fighting
 * Level 12.1 Axes
 + Level 6.6 Armour
 + Level 4.8 Dodging
 - Level 8.0 Shields
 + Level 4.5 Evocations


You had 10 spell levels left.
You didn't know any spells.
Your spell library was empty.

Dungeon Overview and Level Annotations

Branches:
Dungeon (11/15)            Temple (1/1) D:4            Lair (0/6) D:8
    Orc: D:9-12

Altars:
Ashenzari
Cheibriados
Dithmenos
Elyvilon
Fedhas
Gozag
Hepliaklqana
Kikubaaqudgha
Makhleb
Nemelex Xobeh
Okawaru
Qazlal
Ru
Sif Muna
Trog
Uskayaw
Vehumet
Wu Jian
Xom
Yredelemnul
Zin
The Shining One

Annotations:
D:4 9 gold flying
D:9 3 runed translucent doors, exclusion: 3 doors


Innate Abilities, Weirdness & Mutations

You are immune to sickness and miasma.
Your stone body is resilient. (AC +8)
You are immune to poison.
You resist negative energy. (rN+)
You are resistant to electric shocks. (rElec)
You are resistant to unholy torment.
You are immune to petrification.


Message History

You throw a poisoned dart.
The poisoned dart hits the two-headed ogre.
Unknown command.
Throw: 26 darts (poison)
Press: ? - help, Q - select action, (/) - cycle Shift-Dir - straight line, f/p - two-headed ogre
Aim: a two-headed ogre, wielding two +0 giant clubs (very poisoned, 73% to hit)
You throw a poisoned dart.
The poisoned dart hits the two-headed ogre.
The two-headed ogre looks even sicker.
Throw: 25 darts (poison)
Press: ? - help, Q - select action, (/) - cycle Shift-Dir - straight line, f/p - two-headed ogre
Aim: a two-headed ogre, wielding two +0 giant clubs (lightly wounded, very poisoned, 73% to hit)
You throw a poisoned dart.
The poisoned dart hits the two-headed ogre.
The two-headed ogre looks even sicker.
The two-headed ogre is lightly wounded.
You slash the two-headed ogre!
The two-headed ogre is moderately wounded.
You completely miss the two-headed ogre.
The two-headed ogre is moderately wounded.
The two-headed ogre hits you with a +0 giant club!
The two-headed ogre closely misses you.
You hit the two-headed ogre.
The two-headed ogre is heavily wounded.
The two-headed ogre hits you but does no damage.
The two-headed ogre hits you with a +0 giant club!!
You barely miss the two-headed ogre.
The two-headed ogre is heavily wounded.
The two-headed ogre hits you with a +0 giant club!
* * * LOW HITPOINT WARNING * * *
The two-headed ogre hits you with a +0 giant club!
* * * LOW HITPOINT WARNING * * *
A red film seems to cover your vision as you go berserk!
You feel yourself moving faster!
You feel mighty!
You slash the two-headed ogre!
The two-headed ogre is almost dead.
The two-headed ogre hits you with a +0 giant club!
* * * LOW HITPOINT WARNING * * *
The two-headed ogre hits you with a +0 giant club!!
You die...

#......# #.####.#
###.####.# #[.....#.#
###.#.##.#.#####
....#.##.......#
.#..#......###.########
.....####### #.#......#
......# #.#@####.#
.....####### #.#O####.#
...........# #.....##.#
...........# ###.#.##.#
...........#####.#.##.#
..........^#..........#
.............PPPP..####
............≈≈≈≈PP.##
..........≈≈≈♣PP≈≈..#


You could see a two-headed ogre (poisoned).

Vanquished Creatures
  4 two-headed ogres
  Nergalle (D:10)
  An ugly thing (D:10)
  A cyclops (D:11)
  A gargoyle (D:10)
  2 kobold demonologists (D:11)
  3 hornets
  Sigmund (D:5)
  2 wyverns (D:10)
  2 water elementals (D:11)
  5 yaks (D:8)
  2 steam dragons
  Edmund (D:5)
  3 acid dragons
  A water moccasin (D:5)
  5 orc warriors
  2 black bears
  3 necrophages
  4 ogres
  5 centaurs
  3 kobold brigands (D:11)
  A scorpion (D:5)
  4 bullfrogs
  A gnoll sergeant (D:5)
  2 water moccasin skeletons (D:5)
  A killer bee (D:9)
  10 wights
  4 electric eels (D:11)
  3 howler monkeys
  9 orc priests
  3 centaur zombies
  A jelly (D:5)
  4 hounds
  A centaur skeleton (D:7)
  5 iguanas
  15 orc wizards
  3 killer bee zombies
  2 hound skeletons
  3 gnolls (D:5)
  2 howler monkey skeletons (D:4)
  8 adders
  A shadow imp (D:7)
  A white imp (D:6)
  An ufetubus (D:6)
  An adder skeleton (D:4)
  2 worms
  3 dart slugs (D:1)
  37 orcs
  8 endoplasms
  2 giant cockroaches
  6 goblins
  12 hobgoblins
  8 jackals
  4 quokkas
  8 ball pythons
  5 bats
  7 frilled lizards
  14 kobolds
  21 rats
275 creatures vanquished.

Vanquished Creatures (others)
  An orc wizard (D:7)
  An orc (D:4)
  4 fungi (D:8)
  43 plants
49 creatures vanquished.

Grand Total: 324 creatures vanquished

Notes
Turn   | Place    | Note
-------+----------+-------------------------------------------
     0 | D:1      | KamiKatze the Gargoyle Berserker began the quest for the
                  | Orb.
     0 | D:1      | Reached XP level 1. HP: 14/14 MP: 1/1
     0 | D:1      | Noticed an iron dragon
     1 | D:1      | Noticed an iron dragon
     3 | D:1      | Noticed a shadow dragon
     5 | D:1      | Noticed a large abomination
     6 | D:1      | Noticed a large abomination
     8 | D:1      | Noticed a tentacled monstrosity
    11 | D:1      | Noticed a red draconian
    13 | D:1      | Noticed a tentacled monstrosity
    15 | D:1      | Noticed an iron dragon
    15 | D:1      | Noticed a large abomination
    15 | D:1      | Noticed a tentacled monstrosity
    17 | D:1      | Noticed a tentacled monstrosity
    17 | D:1      | Noticed an orb of fire
    17 | D:1      | Noticed an orb of fire
    19 | D:1      | Noticed a shadow dragon
    19 | D:1      | Noticed an ice dragon
    21 | D:1      | Noticed a shadow dragon
   274 | D:1      | Reached XP level 2. HP: 19/19 MP: 2/2
   367 | D:1      | Reached skill level 3 in Axes
   379 | D:1      | Reached XP level 3. HP: 17/23 MP: 3/3
   419 | D:1      | Reached ** piety under Trog
   991 | D:2      | Reached XP level 4. HP: 25/29 MP: 4/4
  1395 | D:2      | Reached skill level 4 in Axes
  1395 | D:2      | Reached XP level 5. HP: 33/33 MP: 5/5
  1417 | D:2      | Found a faded altar of an unknown god.
  2108 | D:3      | Reached skill level 5 in Axes
  2137 | D:3      | Noticed a centaur
  2156 | D:3      | Killed a centaur
  2157 | D:3      | Reached XP level 6. HP: 5/38 MP: 6/6
  2592 | D:3      | Reached skill level 6 in Axes
  2670 | D:4      | Reached XP level 7. HP: 33/43 MP: 7/7
  2764 | D:4      | Found an opulent altar of Gozag.
  3096 | D:4      | Found a staircase to the Ecumenical Temple.
  3101 | Temple   | Entered the Ecumenical Temple
  3474 | D:4      | Reached *** piety under Trog
  3590 | D:4      | Reached skill level 7 in Axes
  4046 | D:5      | Entered Level 5 of the Dungeon
  4181 | D:5      | Identified the +6 battleaxe of Interdependent Arising
                  | {vorpal, rElec rN+ Stlth+}
  4297 | D:5      | Reached XP level 8. HP: 48/48 MP: 8/8
  4300 | D:5      | Noticed Edmund
  4301 | D:5      | Reached skill level 8 in Axes
  4341 | D:5      | Found a basalt altar of Yredelemnul.
  4650 | D:5      | Identified a scroll of acquirement
  4753 | D:5      | Reached skill level 9 in Axes
  4784 | D:5      | Reached **** piety under Trog
  4785 | D:5      | Reached skill level 1 in Shields
  4810 | D:5      | Killed Edmund
  5040 | D:5      | Noticed Sigmund
  5054 | D:5      | Killed Sigmund
  5244 | D:6      | Reached XP level 9. HP: 52/52 MP: 9/9
  5774 | D:6      | Found a snail-covered altar of Cheibriados.
  6215 | D:6      | Reached skill level 10 in Axes
  6215 | D:6      | Reached skill level 5 in Shields
  7128 | D:7      | Found a glowing golden altar of the Shining One.
  7414 | D:8      | Found a sacrificial altar of Ru.
  7532 | D:8      | Identified the ring "Miewnom" {rPois rF++ rC+ Will- rCorr}
  7587 | D:8      | Reached XP level 10. HP: 53/58 MP: 10/10
  7604 | D:8      | Reached skill level 1 in Evocations
  7633 | D:8      | Found a staircase to the Lair.
  7796 | D:8      | Reached skill level 5 in Fighting
  8273 | D:8      | Found a sparkling altar of Nemelex Xobeh.
  8274 | D:8      | Found an iron altar of Okawaru.
  8499 | D:9      | Found a runed translucent gate.
  8500 | D:9      | Found a runed translucent gate.
  8501 | D:9      | Found a runed translucent gate.
  8501 | D:9      | Noticed a green ugly thing
  8503 | D:9      | Noticed a purple ugly thing
  8504 | D:9      | Noticed a green ugly thing
  8509 | D:9      | Noticed a two-headed ogre
  8511 | D:9      | Noticed a deep troll
  8511 | D:9      | a two-headed ogre changed into a deep troll
  8514 | D:9      | a deep troll changed into a snapping turtle
  8516 | D:9      | Noticed a death drake
  8516 | D:9      | a snapping turtle changed into a death drake
  8517 | D:9      | Noticed a steelbarb worm
  8517 | D:9      | a death drake changed into a steelbarb worm
  8590 | D:9      | Noticed a two-headed ogre
  8598 | D:9      | Killed a two-headed ogre
  8845 | D:9      | Noticed a two-headed ogre
  8884 | D:9      | Killed a two-headed ogre
  8885 | D:9      | Reached skill level 11 in Axes
  9114 | D:9      | Reached skill level 5 in Armour
  9606 | D:9      | Noticed a moth of wrath
  9607 | D:9      | Noticed a cyclops
  9607 | D:9      | a moth of wrath changed into a cyclops
  9608 | D:9      | Noticed a manticore
  9608 | D:9      | a cyclops changed into a manticore
  9611 | D:9      | a manticore changed into a redback
  9617 | D:9      | Noticed a guardian serpent
  9617 | D:9      | a redback changed into a guardian serpent
  9639 | D:10     | Entered Level 10 of the Dungeon
  9646 | D:10     | Noticed a two-headed ogre
  9662 | D:10     | Killed a two-headed ogre
  9663 | D:10     | Reached XP level 11. HP: 64/64 MP: 11/11
 10170 | D:10     | Found a shimmering altar of Xom.
 10535 | D:11     | Noticed Nergalle
 10535 | D:11     | Noticed a red ugly thing
 10542 | D:10     | Killed Nergalle
 10602 | D:10     | Killed a red ugly thing
 10791 | D:11     | Noticed a two-headed ogre
 10805 | D:11     | Killed a two-headed ogre
 11048 | D:11     | Reached skill level 12 in Axes
 11409 | D:11     | Noticed a cyclops
 11414 | D:11     | Killed a cyclops
 11649 | D:11     | Noticed a two-headed ogre
 11675 | D:11     | Mangled by a two-headed ogre

Illustrated notes

Levels and vault maps discovered:
D:1:      shiori_arrival_whats_in_store_for_you, layout_loops_ring
D:2:      layout_basic, basic_ecumenical_altar, ebering_dispersal_statue_hall
D:3:      corexii_shack_village, layout_loops_ring
D:4:      layout_basic, amcnicky_altar_gilded, minmay_temple_entry_arrows,
          minivault_23, chequers_mini_garden, corexii_item_surrounded_by_moat,
          grunt_decor_fettered, minmay_rat_hole
D:5:      layout_cave_pools, mainiacjoe_overflow_small_starburst, serial_park,
          serial_park_avenue1, serial_park_gazebo [serial_park_minivault_5x5_7],
          uniq_edmund, uniq_sigmund
D:6:      layout_gridville, general_overflow_altar
D:7:      layout_cave_pools, mainiacjoe_overflow_boulevard
D:8:      layout_loops_ring, gammafunk_temple_overflow_pools,
          nicolae_ru_great_annihilating_truth, grunt_lair_entry_orc_guard_hut
D:9:      kennysheep_spiral_hall, layout_irregular_city,
          ploomutoo_gammafunk_ghost_potion_laboratory
D:10:     layout_roguey, tgw_xom
D:11:     layout_loops_cross, serial_bayou, serial_bayou_pond_c,
          serial_bayou_crossing, serial_bayou_shore_a, serial_bayou_pond_c,
          uniq_nergalle
Temple:   minmay_temple_curvy_branch

Skill      XL: |  1  2  3  4  5  6  7  8  9 10 11 |
---------------+----------------------------------+-----
Axes           | 3 4 5 6 7 9 10 11 12 | 12.1
Dodging        | 2 3 4 |  4.8
Armour         | 3 5 6 |  6.6
Fighting       | 4 6 7 |  7.0
Shields        | 3 7 8 |  8.0
Evocations     | 3 4 |  4.5

Action                   |  1- 3 |  4- 6 |  7- 9 | 10-12 || total
-------------------------+-------+-------+-------+-------++-------
Melee: Hand axe          |    82 |   116 |   418 |       ||   616
       Punch             |     1 |     2 |     4 |       ||     7
       War axe           |       |       |    52 |   276 ||   328
Throw: Dart              |       |       |     6 |     5 ||    11
Invok: Berserk           |     1 |     5 |    13 |    14 ||    33
       Trog's Hand       |       |     1 |     1 |     2 ||     4
  Use: Scroll            |       |       |     9 |     9 ||    18
 Stab: Sleeping          |     2 |       |       |       ||     2
       Paralysed         |       |       |     1 |       ||     1
Armor: Animal skin       |    32 |    22 |       |       ||    54
       Leather armour    |       |    17 |       |       ||    17
       Ring mail         |       |     1 |   198 |   113 ||   312
       Scale mail        |       |       |     8 |       ||     8
Dodge: Dodged            |    52 |    50 |   212 |   146 ||   460
Block: Buckler           |       |       |     5 |    60 ||    65
